[Event "Titled Tuesday Blitz March 29 Late 2022"]
[White "Melikhov, Evgeny V."]
[Black "Bachmann, Axel"]
[WhiteFideId "4122046"]
[BlackFideId "3700488"]
[WhiteElo "1945"]
[BlackElo "2587"]
[Result "1-0"]
[Round "05"]
[TimeControl "180+1"]
[Date "2022.03.30"]
[WhiteClock "0:00:37"]
[BlackClock "0:00:08"]

1. d4 Nf6 2. c4 g6 3. Nc3 Bg7 4. e4 d6 5. f3 O-O 6. Be3 a6 7. Bd3 Nc6 8. Nge2 Nd7 9. Qd2 e5 10. d5 Nd4 11. O-O-O b5 12. Kb1 Nc5 13. a3 Rb8 14. cxb5 axb5 15. b4 Nxd3 16. Qxd3 Ra8 17. Kb2 Bd7 18. Nxd4 exd4 19. Bxd4 Qc8 20. Bxg7 Kxg7 21. Qd4+ Kg8 22. Rc1 Qa6 23. Nb1 Rac8 24. Rc3 c5 25. dxc6 Bxc6 26. Rhc1 Bd7 27. Rxc8 Rxc8 28. Rxc8+ Bxc8 29. Nc3 Be6 30. Nd5 h6 31. h4 h5 32. g4 hxg4 33. fxg4 Bxd5 34. Qxd5 Qb6 35. Qd2 Qc6 36. Qc2 Qb6 37. h5 Qd4+ 38. Kb3 Qe3+ 39. Ka2 gxh5 40. gxh5 Qf3 41. h6 Qf6 42. Qg2+ Kf8 43. Qg7+ Qxg7 44. hxg7+ Kxg7 45. a4 Kf6 46. a5 Ke7 47. Kb3 Kd7 48. Kc3 d5 49. exd5 f5 50. Kd4 Kd6 51. a6 Kc7 52. d6+ Kxd6 53. a7 Kc7 54. a8=Q f4 55. Ke4 f3 56. Kxf3 Kb6 57. Qd5 Kc7 58. Qxb5 Kc8 59. Qc6+ Kb8 60. Qd7 Ka8 61. b5 Kb8 62. b6 Ka8 63. Qc8# 1-0


[Site "https://www.chess.com"]

[Event "Titled Tuesday Blitz March 29 Late 2022"]
[White "Mikhailov, Viacheslav"]
[Black "Petesch, Gabriel"]
[WhiteFideId "4187369"]
[BlackFideId "2032465"]
[WhiteElo "2712"]
[BlackElo "2548"]
[Result "1-0"]
[Round "05"]
[TimeControl "180+1"]
[Date "2022.03.30"]
[WhiteClock "0:01:54"]
[BlackClock "0:00:01"]

1. Nf3 Nf6 2. g3 c5 3. Bg2 Nc6 4. O-O g6 5. d4 cxd4 6. Nxd4 Bg7 7. c4 O-O 8. Nc3 d6 9. b3 Bd7 10. Bb2 Ng4 11. Nd5 e6 12. Nxc6 Bxc6 13. Bxg7 Kxg7 14. Qd4+ Ne5 15. Nc3 Bxg2 16. Kxg2 f6 17. Rfd1 Nf7 18. Nb5 Qd7 19. Nxd6 Qc6+ 20. Qe4 Qxe4+ 21. Nxe4 Rfd8 22. Nc5 Kg8 23. Nxb7 Rxd1 24. Rxd1 a5 25. Rd7 a4 26. b4 a3 27. c5 Ne5 28. Rd8+ Rxd8 29. Nxd8 Nc4 30. b5 Kf8 31. b6 Na5 32. b7 Nc6 33. Nxc6 1-0


[Site "https://www.chess.com"]

[Event "Titled Tuesday Blitz March 29 Late 2022"]
[White "Moral Garcia, Serafin"]
[Black "Guz, Ari"]
[WhiteFideId "2201925"]
[BlackFideId "2825759"]
[WhiteElo "2228"]
[BlackElo "1913"]
[Result "1-0"]
[Round "05"]
[TimeControl "180+1"]
[Date "2022.03.29"]
[WhiteClock "0:01:14"]
[BlackClock "0:00:17"]

1. c4 e6 2. g3 d5 3. Bg2 dxc4 4. Qa4+ Nd7 5. Qxc4 Ngf6 6. d4 Be7 7. Nf3 O-O 8. O-O c5 9. Rd1 Nb6 10. Qc2 c4 11. Nbd2 Bd7 12. e4 Rc8 13. Ne5 Ba4 14. b3 cxb3 15. Qb2 bxa2 16. Re1 Bb4 17. Re3 Bxd2 18. Bxd2 Rc2 19. Qb4 Qc7 20. Bf1 Rc8 21. Bd3 h5 22. f3 h4 23. Bxc2 Qxc2 24. Rc3 Rxc3 25. Qxc3 Qb1+ 26. Kg2 hxg3 27. hxg3 Bc2 28. Bg5 Bb3 29. Bxf6 gxf6 30. Ng4 Kg7 31. d5 e5 32. Ne3 Na4 33. Nf5+ Kh7 34. Qd2 Qc2 35. Qxc2 Bxc2 36. Rxa2 Bb3 37. Ra3 Bc2 38. Ne3 Bd3 39. Rxd3 b5 40. d6 Nc5 41. Rd5 1-0


[Site "https://www.chess.com"]

[Event "Titled Tuesday Blitz March 29 Late 2022"]
[White "Moskalenko, Alexander"]
[Black "Lewtak, Damian"]
[WhiteFideId "4155351"]
[BlackFideId "1141724"]
[WhiteElo "2475"]
[BlackElo "2362"]
[Result "1-0"]
[Round "05"]
[TimeControl "180+1"]
[Date "2022.03.29"]
[WhiteClock "0:01:01"]
[BlackClock "0:01:37"]

1. Nf3 d5 2. e3 g6 3. c4 c6 4. d4 Bg7 5. h3 Nf6 6. Be2 O-O 7. O-O Ne4 8. Nc3 e6 9. Nxe4 dxe4 10. Nd2 f5 11. b4 a5 12. b5 cxb5 13. cxb5 Nd7 14. Ba3 Rf7 15. Nc4 Bf8 16. Bxf8 Rxf8 17. Rc1 Nb6 18. Nxb6 Qxb6 19. Rc5 Bd7 20. a4 Rac8 21. Qd2 Qd6 22. Rxc8 Rxc8 23. Qxa5 Rc2 24. Bd1 Rc1 25. Qa8+ Bc8 26. Be2 Rxf1+ 27. Bxf1 Qc7 28. a5 Kg7 29. a6 bxa6 30. bxa6 g5 31. a7 Bb7 32. Qb8 Qc6 33. g3 f4 34. gxf4 gxf4 35. Qxf4 Qc1 36. Qe5+ Kf7 37. Qb8 Qc6 38. Bc4 Qxc4 39. Qxb7+ Kf6 40. a8=Q 1-0


[Site "https://www.chess.com"]

[Event "Titled Tuesday Blitz March 29 Late 2022"]
[White "Nazari, Arad"]
[Black "Pourkashiyan, Atousa"]
[WhiteFideId "12577324"]
[BlackFideId "12502014"]
[WhiteElo "2120"]
[BlackElo "2247"]
[Result "1-0"]
[Round "05"]
[TimeControl "180+1"]
[Date "2022.03.29"]
[WhiteClock "0:00:50"]
[BlackClock "0:00:14"]

1. e4 c5 2. Nf3 e6 3. d4 cxd4 4. Qxd4 a6 5. c4 Nc6 6. Qd1 Nf6 7. Nc3 Bb4 8. Bd3 d5 9. exd5 exd5 10. Qe2+ Be6 11. Ng5 d4 12. Nxe6 fxe6 13. a3 dxc3 14. axb4 Nxb4 15. Bb1 c2 16. Bxc2 Nxc2+ 17. Qxc2 O-O 18. O-O Rc8 19. Qe2 Kh8 20. b3 Qb6 21. Ba3 Rfe8 22. Rab1 h6 23. Bb2 e5 24. Bc3 Nd5 25. Bxe5 Nc3 26. Qg4 Rxe5 27. Qxc8+ Kh7 28. Rbe1 Ne2+ 29. Kh1 Qd6 30. Qg4 Qd2 31. Rd1 Qc2 32. f4 Re7 33. f5 1-0


[Site "https://www.chess.com"]

[Event "Titled Tuesday Blitz March 29 Late 2022"]
[White "Omariev, Maksim"]
[Black "Nazaretyan, Tigran"]
[WhiteFideId "4193423"]
[BlackFideId "24162345"]
[WhiteElo "2511"]
[BlackElo "2219"]
[Result "1-0"]
[Round "05"]
[TimeControl "180+1"]
[Date "2022.03.30"]
[WhiteClock "0:00:32"]
[BlackClock "0:00:13"]

1. e4 c5 2. Nf3 Nc6 3. d4 cxd4 4. Nxd4 Nf6 5. Nc3 d6 6. Bg5 e6 7. Qd2 a6 8. f3 Bd7 9. h4 b5 10. O-O-O h6 11. Nxc6 Bxc6 12. Bf4 e5 13. Be3 b4 14. Nd5 a5 15. Bb6 Qb8 16. Nc7+ Kd7 17. Nxa8 Qxa8 18. Bc4 Be7 19. Bxf7 Rb8 20. Bc5 Ne8 21. Rhe1 Kc7 22. Bxe8 dxc5 23. Bxc6 Qxc6 24. Qd5 Qxd5 25. Rxd5 Bxh4 26. Red1 Bg5+ 27. Kb1 Kc6 28. Rxe5 Bf6 29. Re6+ Kb5 30. e5 Bg5 31. Rd7 a4 32. Rxg7 a3 33. g3 axb2 34. Kxb2 Be3 35. f4 Bd4+ 36. Kb1 Ra8 37. Rxh6 Ra3 38. Rd6 Rf3 39. Rxd4 cxd4 40. e6 Kc5 41. e7 Re3 42. f5 Kd6 43. f6 Kd7 44. Rg8 d3 45. Rd8+ Kc7 46. cxd3 Re6 47. e8=Q Rxe8 48. Rxe8 b3 49. axb3 1-0


[Site "https://www.chess.com"]

[Event "Titled Tuesday Blitz March 29 Late 2022"]
[White "Papasimakopoulos, Alexandros"]
[Black "Aravindh, Chithambaram VR."]
[WhiteFideId "4244125"]
[BlackFideId "5072786"]
[WhiteElo "2340"]
[BlackElo "2561"]
[Result "1/2-1/2"]
[Round "05"]
[TimeControl "180+1"]
[Date "2022.03.29"]
[WhiteClock "0:00:11"]
[BlackClock "0:00:05"]

1. d4 g6 2. e4 Bg7 3. c4 d6 4. Nc3 e5 5. Nge2 Nc6 6. Be3 Nh6 7. f3 f5 8. d5 Ne7 9. Qd2 f4 10. Bf2 g5 11. g4 Ng6 12. h3 Nf7 13. O-O-O h5 14. Rg1 Bd7 15. Kb1 hxg4 16. hxg4 Rh2 17. Rg2 Rh3 18. Ng1 Rh1 19. c5 Nh4 20. Bxh4 Rxh4 21. c6 bxc6 22. dxc6 Bxc6 23. Bb5 Bxb5 24. Nxb5 a6 25. Nc3 c6 26. Nge2 Qb6 27. Qc2 Bf6 28. Na4 Qb5 29. Nec3 Qb7 30. Rgd2 Be7 31. Qd3 a5 32. Qc4 Qa6 33. Qe6 Rh6 34. Qf5 Qc8 35. Nb6 Qxf5 36. gxf5 Ra6 37. Nc4 a4 38. a3 Kd7 39. Rd3 Kc7 40. Rc1 Kb7 41. Na2 Ra8 42. Rdc3 g4 43. fxg4 Ng5 44. Nd2 c5 45. Rd3 Rh2 46. f6 Bxf6 47. Rxd6 Rd8 48. Rxd8 Bxd8 49. Nc4 Bc7 50. Re1 f3 51. Nc3 f2 52. Rf1 Rg2 53. Nd1 Rg1 54. Nce3 Nxe4 55. Kc2 c4 56. g5 Bb6 57. g6 Bxe3 58. Nxe3 Rxg6 59. Kd1 Rd6+ 60. Kc1 Rd3 61. Nxc4 Rf3 62. Nxe5 Ng3 63. Nxf3 Nxf1 64. b3 axb3 65. Kb2 Kc6 66. a4 Kd5 67. Kc3 Ke4 68. Ng5+ Ke3 69. Nh3 Ng3 70. Nxf2 Kxf2 71. Kxb3 Ke3 72. Kc4 Ne4 73. a5 Nd6+ 74. Kc5 Nb7+ 75. Kb6 Nxa5 1/2-1/2


[Site "https://www.chess.com"]

[Event "Titled Tuesday Blitz March 29 Late 2022"]
[White "Paravyan, David"]
[Black "Fernandez, Daniel Howard"]
[WhiteFideId "4194985"]
[BlackFideId "5801605"]
[WhiteElo "2569"]
[BlackElo "2466"]
[Result "1-0"]
[Round "05"]
[TimeControl "180+1"]
[Date "2022.03.29"]
[WhiteClock "0:00:19"]
[BlackClock "0:00:05"]

1. e4 c5 2. Nf3 d6 3. d4 cxd4 4. Nxd4 Nf6 5. Nc3 a6 6. Bg5 e6 7. f4 h6 8. Bh4 Be7 9. Qf3 Qc7 10. Bd3 Nbd7 11. O-O b5 12. a3 Bb7 13. Rae1 O-O 14. Kh1 Rac8 15. Qh3 Nc5 16. Bf2 Nxd3 17. cxd3 Rfe8 18. Rc1 Qb8 19. Be3 Bf8 20. Rc2 Ba8 21. b4 Rc7 22. Rfc1 Rec8 23. Qf3 Qb7 24. h3 Nd7 25. Nb3 Qb8 26. Qd1 Be7 27. Na5 Bf6 28. Ne2 Nb6 29. Bd4 Be7 30. Qd2 Na4 31. Ba1 Bd8 32. Nb3 Rxc2 33. Rxc2 Rxc2 34. Qxc2 Qc7 35. Qd2 Qc6 36. Na5 Bxa5 37. bxa5 Qc5 38. Qb4 Qf2 39. Qd4 Qxd4 40. Bxd4 Nc5 41. Nc1 Kf8 42. Kg1 g6 43. Kf2 h5 44. g4 hxg4 45. hxg4 Ke7 46. g5 Bb7 47. Ke3 Kd7 48. Kd2 Ke7 49. Kc2 Kd7 50. Bc3 d5 51. Bb4 Kc6 52. e5 Nd7 53. Nb3 Kc7 54. Kc3 Kc6 55. Bd6 Bc8 56. Kb4 Kb7 57. Be7 Kc6 58. Nd2 Bb7 59. Nf3 Kc7 60. Nd4 Bc8 61. Ne2 Bb7 62. Bd6+ Kd8 63. Nd4 Kc8 64. Nf3 Kd8 65. Kc3 Kc8 66. Kd4 Kd8 67. Nh2 Kc8 68. Ng4 Kd8 69. Nh6 Ke8 70. Ng8 Kd8 71. Be7+ Kc7 72. Nh6 Nb8 73. Bd6+ 1-0


[Site "https://www.chess.com"]

[Event "Titled Tuesday Blitz March 29 Late 2022"]
[White "Perera Alfonso, Rene Humberto"]
[Black "Pakleza, Zbigniew"]
[WhiteFideId "3514722"]
[BlackFideId "1119290"]
[WhiteElo "2553"]
[BlackElo "2755"]
[Result "0-1"]
[Round "05"]
[TimeControl "180+1"]
[Date "2022.03.30"]
[WhiteClock "0:00:02"]
[BlackClock "0:00:03"]

1. e4 d6 2. d4 Nf6 3. Nc3 c6 4. Be3 Qb6 5. Qd2 Qxb2 6. Rb1 Qa3 7. h3 e6 8. Nf3 d5 9. Bd3 Bb4 10. Rb3 Qa5 11. e5 Nfd7 12. O-O c5 13. Rfb1 Nc6 14. dxc5 Bxc3 15. Rxc3 Qxa2 16. Rbb3 Qa5 17. Qe2 h6 18. Bf4 Nxc5 19. Ra3 Qb4 20. Bd2 Nxd3 21. Qxd3 O-O 22. Rab3 Qe4 23. Qf1 Nxe5 24. Nxe5 Qxe5 25. Rg3 Kh7 26. Rbe3 Qf5 27. Qe2 f6 28. c4 d4 29. Ref3 Qb1+ 30. Kh2 e5 31. c5 Bf5 32. Rb3 Qe4 33. Qh5 Bg6 34. Qd1 Rac8 35. Qc1 b6 36. Qa3 bxc5 37. Qxa7 Rf7 38. Qa6 Rfc7 39. Rb6 c4 40. f3 Qd5 41. Rd6 Qf7 42. f4 exf4 43. Bxf4 c3 44. Rxd4 c2 45. Bc1 Rc4 46. Rd6 R4c7 47. Rd4 Qe8 48. Rdg4 Rc6 49. Qf1 Rc4 0-1


[Site "https://www.chess.com"]

[Event "Titled Tuesday Blitz March 29 Late 2022"]
[White "Petrova, Irina"]
[Black "Karas, Marek"]
[WhiteFideId "14124122"]
[BlackFideId "14928558"]
[WhiteElo "1993"]
[BlackElo "2271"]
[Result "0-1"]
[Round "05"]
[TimeControl "180+1"]
[Date "2022.03.30"]
[WhiteClock "0:00:16"]
[BlackClock "0:00:57"]

1. e4 b6 2. d4 Bb7 3. Nc3 e6 4. f3 g6 5. Be3 Bg7 6. Qd2 h6 7. h4 Ne7 8. h5 g5 9. O-O-O d6 10. Bd3 Nd7 11. Nh3 a6 12. f4 gxf4 13. Nxf4 c5 14. d5 exd5 15. Ncxd5 Nxd5 16. exd5 Ne5 17. Bf5 Nc4 18. Qe2 Ne5 19. c3 Qf6 20. Bc2 O-O-O 21. Rhf1 Qe7 22. Bd2 Bf6 23. Kb1 Bg5 24. Nd3 Rde8 25. Nxe5 Qxe5 26. Qxe5 Rxe5 27. Rxf7 Bxd5 28. Rf5 Bxd2 29. Rxe5 dxe5 30. Rxd2 Bc6 31. Bf5+ Kc7 32. g4 e4 33. Kc2 Re8 34. Re2 Kd6 35. Kd2 Ke5 36. Ke3 Rd8 37. Rd2 Rxd2 38. Kxd2 Kf4 39. Ke2 e3 40. b3 Bf3+ 41. Ke1 Bxg4 42. Bg6 Kg5 43. Bd3 Bxh5 44. Bxa6 Kf4 45. Bb7 Bf3 46. Bc8 h5 47. Bh3 h4 48. b4 cxb4 49. cxb4 Kg3 50. Be6 Bg4 51. Bd5 h3 52. a4 h2 53. a5 bxa5 54. bxa5 Bf3 55. Bxf3 Kxf3 0-1


[Site "https://www.chess.com"]

[Event "Titled Tuesday Blitz March 29 Late 2022"]
[White "Petrovic, Aleksa"]
[Black "Rasulov, Vugar"]
[WhiteFideId "967629"]
[BlackFideId "13402390"]
[WhiteElo "2245"]
[BlackElo "2560"]
[Result "1/2-1/2"]
[Round "05"]
[TimeControl "180+1"]
[Date "2022.03.29"]
[WhiteClock "0:00:06"]
[BlackClock "0:00:30"]

1. Nf3 Nf6 2. c4 g6 3. Nc3 Bg7 4. e4 d6 5. d4 O-O 6. Be2 Bg4 7. Be3 Nfd7 8. Ng1 Bxe2 9. Ngxe2 c5 10. O-O cxd4 11. Nxd4 Nc6 12. Rc1 a6 13. Qd2 Rc8 14. b3 Qa5 15. Rfd1 Rfe8 16. Nxc6 bxc6 17. Na4 Qxd2 18. Rxd2 c5 19. f3 Rb8 20. Rd3 Ne5 21. Rdd1 Rec8 22. Kf2 Kf8 23. Ke2 Ke8 24. h3 Nc6 25. Kf2 a5 26. Bd2 f5 27. exf5 gxf5 28. Bc3 Bxc3 29. Rxc3 Kf7 30. Re3 Nd4 31. Nc3 e5 32. Nb5 Rd8 33. a4 Kf6 34. f4 exf4 35. Red3 d5 36. Nxd4 dxc4 37. bxc4 cxd4 38. Rxd4 Rxd4 39. Rxd4 Ke5 40. Rd5+ Ke4 41. Rxa5 Rb2+ 42. Kg1 Rc2 43. Rc5 f3 44. gxf3+ Kf4 45. Kf1 h5 46. Ke1 h4 47. a5 Ra2 48. Kf1 Rh2 49. a6 Ra2 50. Rc6 Kxf3 51. Ke1 f4 52. c5 Kg2 53. Rg6+ Kxh3 54. c6 Ra1+ 55. Kf2 Rxa6 56. Kf3 Kh2 57. Kxf4 h3 58. Ke5 Kh1 59. Kd6 h2 60. Rh6 Kg2 61. Rxh2+ Kxh2 62. Kd7 Kg3 63. c7 Ra7 64. Kd8 Rxc7 65. Kxc7 1/2-1/2


[Site "https://www.chess.com"]

[Event "Titled Tuesday Blitz March 29 Late 2022"]
[White "Piliczewski, Bogusz"]
[Black "Kaganskiy, Gleb"]
[WhiteFideId "1104144"]
[BlackFideId "4132025"]
[WhiteElo "1896"]
[BlackElo "2165"]
[Result "1/2-1/2"]
[Round "05"]
[TimeControl "180+1"]
[Date "2022.03.30"]
[WhiteClock "0:02:12"]
[BlackClock "0:02:10"]

1. d4 Nf6 2. Nf3 b6 3. Bf4 Bb7 4. e3 d6 5. h3 g6 6. Be2 Bg7 7. O-O Nbd7 8. c4 c5 9. Nc3 O-O 10. a3 Re8 11. Bh2 Ne4 12. Nxe4 Bxe4 13. Qd2 Qc7 14. b4 Qb7 15. Rfc1 Rac8 1/2-1/2


[Site "https://www.chess.com"]

[Event "Titled Tuesday Blitz March 29 Late 2022"]
[White "Pranav, V"]
[Black "Quintiliano Pinto, Renato R."]
[WhiteFideId "25060783"]
[BlackFideId "2117568"]
[WhiteElo "2349"]
[BlackElo "2439"]
[Result "0-1"]
[Round "05"]
[TimeControl "180+1"]
[Date "2022.03.29"]
[WhiteClock "0:00:03"]
[BlackClock "0:00:10"]

1. e4 e5 2. Nf3 Nc6 3. Bb5 a6 4. Ba4 d6 5. Bxc6+ bxc6 6. d4 f6 7. Nc3 Ne7 8. O-O Ng6 9. Qd3 Be6 10. dxe5 dxe5 11. Qe2 Bd6 12. Rd1 Qe7 13. Na4 O-O 14. c4 Qf7 15. b3 h6 16. h3 Rfe8 17. Nh2 Nf4 18. Qf3 Qg6 19. c5 Bf8 20. Bxf4 exf4 21. Rd4 Qg5 22. Rad1 Bf7 23. Qc3 Bh5 24. Nf3 Bxf3 25. Qxf3 Qe5 26. Rd7 a5 27. R1d4 Rab8 28. Qd3 Kh8 29. Qd2 f3 30. gxf3 Bxc5 31. Nxc5 Qxc5 32. Rxc7 Qh5 33. Kg2 Rb5 34. f4 Qg6+ 35. Kh2 Rxe4 36. Qd3 f5 37. Rxe4 fxe4 38. Qd7 e3 39. fxe3 Rd5 40. Qg4 Rd2+ 41. Kg3 Qf6 42. Rc8+ Kh7 43. Qf3 Qg6+ 44. Qg4 Qc2 45. Kh4 Rg2 46. Qf3 g5+ 47. fxg5 hxg5+ 48. Kh5 Qg6# 0-1


[Site "https://www.chess.com"]

[Event "Titled Tuesday Blitz March 29 Late 2022"]
[White "Prohorov, Olexandr"]
[Black "Mortazavi, Ali"]
[WhiteFideId "14105578"]
[BlackFideId "401323"]
[WhiteElo "1993"]
[BlackElo "2339"]
[Result "0-1"]
[Round "05"]
[TimeControl "180+1"]
[Date "2022.03.30"]
[WhiteClock "0:00:02"]
[BlackClock "0:00:43"]

1. Nf3 Nf6 2. c4 g6 3. Nc3 Bg7 4. g3 O-O 5. Bg2 d6 6. O-O e5 7. d3 h6 8. Rb1 Nc6 9. b4 Be6 10. b5 Ne7 11. Nd2 Qc8 12. a4 Bh3 13. a5 Bxg2 14. Kxg2 Nh7 15. e4 f5 16. f3 c6 17. Ba3 c5 18. Nd5 Nxd5 19. cxd5 Qd7 20. Nc4 Rf7 21. Bc1 Raf8 22. Qe2 Kh8 23. Bd2 h5 24. h4 f4 25. gxf4 Rxf4 26. Rh1 R4f7 27. Rbf1 Bf6 28. Bh6 Bg7 29. Bxg7+ Kxg7 30. Rh3 Rf6 31. b6 axb6 32. Nxb6 Qb5 33. Nc4 R8f7 34. Rg3 Nf8 35. Qc2 Qd7 36. Rb1 Rf4 37. Rh1 Qe7 38. Qf2 Nd7 39. Rgh3 Kh7 40. Kf1 Nf6 41. Ke2 Ne8 42. Qg2 Qf6 0-1


[Site "https://www.chess.com"]

[Event "Titled Tuesday Blitz March 29 Late 2022"]
[White "Qashashvili, Alexandre"]
[Black "Batsiashvili, Nino"]
[WhiteFideId "13600842"]
[BlackFideId "13602993"]
[WhiteElo "2316"]
[BlackElo "2192"]
[Result "1/2-1/2"]
[Round "05"]
[TimeControl "180+1"]
[Date "2022.03.30"]
[WhiteClock "0:01:23"]
[BlackClock "0:01:55"]

1. e4 e5 2. Nf3 Nc6 3. Nc3 Nf6 4. d4 exd4 5. Nxd4 Bb4 6. Nxc6 bxc6 7. Bd3 O-O 8. O-O d5 9. exd5 Bg4 10. Be2 Bxe2 11. Nxe2 cxd5 12. c3 Bd6 13. Bf4 c5 14. Bxd6 Qxd6 15. Ng3 Rab8 16. b3 a5 17. Nh5 Nxh5 18. Qxh5 d4 19. cxd4 cxd4 20. Qxa5 d3 21. Qd2 Rbc8 22. Rac1 Qd4 1/2-1/2


[Site "https://www.chess.com"]

[Event "Titled Tuesday Blitz March 29 Late 2022"]
[White "Rabineau, Clement"]
[Black "Harish, Neeraj"]
[WhiteFideId "628891"]
[BlackFideId "30958130"]
[WhiteElo "2237"]
[BlackElo "1574"]
[Result "1-0"]
[Round "05"]
[TimeControl "180+1"]
[Date "2022.03.30"]
[WhiteClock "0:00:07"]
[BlackClock "0:00:03"]

1. e4 c5 2. c3 Nf6 3. e5 Nd5 4. Bc4 Nb6 5. Bb3 c4 6. Bc2 d6 7. exd6 Qxd6 8. Nf3 g6 9. O-O Bg7 10. b3 O-O 11. Na3 Be6 12. Re1 Nc6 13. Ng5 Bd5 14. Qg4 cxb3 15. axb3 f5 16. Qh4 h6 17. Nh3 g5 18. Qg3 Be5 19. f4 Bf6 20. d4 g4 21. Nf2 e6 22. Nb5 Qd7 23. Ba3 a6 24. Bxf8 Rxf8 25. Na3 Na5 26. Rab1 Qe7 27. c4 Bh4 28. Qe3 Bxf2+ 29. Qxf2 Be4 30. Bxe4 fxe4 31. Nc2 Nc6 32. Rxe4 Qd6 33. Rbe1 1-0


[Site "https://www.chess.com"]

[Event "Titled Tuesday Blitz March 29 Late 2022"]
[White "Rangel, Daniel"]
[Black "Karavaeva, Olga"]
[WhiteFideId "2124475"]
[BlackFideId "4124111"]
[WhiteElo "2225"]
[BlackElo "2105"]
[Result "1-0"]
[Round "05"]
[TimeControl "180+1"]
[Date "2022.03.30"]
[WhiteClock "0:00:09"]
[BlackClock "0:00:11"]

1. e4 c5 2. Nf3 e6 3. b3 Nf6 4. e5 Nd5 5. Bb2 d6 6. exd6 Qxd6 7. Na3 Nc6 8. Nc4 Qd8 9. Nce5 Bd7 10. Nxd7 Qxd7 11. Bb5 f6 12. d4 a6 13. Bxc6 Qxc6 14. c4 Nf4 15. O-O O-O-O 16. Re1 cxd4 17. Qd2 e5 18. b4 Qb6 19. c5 Qc6 20. a4 g5 21. b5 axb5 22. axb5 Qxb5 23. Ra8+ Kc7 24. Rxd8 Kxd8 25. Nxd4 Qd3 26. Qa5+ Kd7 27. c6+ bxc6 28. Qa7+ Ke8 29. Nxc6 Bd6 30. Qa8+ Kd7 31. Qxh8 Kxc6 32. Qc8+ Kd5 33. Qa8+ Ke6 34. Qa2+ Kf5 35. Qb1 Ne2+ 36. Kh1 Qxb1 37. Rxb1 Nd4 38. Bxd4 exd4 39. Kg1 Be5 40. Kf1 h5 41. Ke2 h4 42. g3 hxg3 43. hxg3 Ke4 44. Rb3 f5 45. f3+ Kd5 46. g4 fxg4 47. fxg4 Bf4 48. Kd3 Be3 49. Rb5+ Ke6 50. Ke4 Kd6 51. Rf5 Ke6 52. Ra5 Kd6 53. Ra6+ Kc5 54. Rg6 Kc4 55. Rc6+ Kb5 56. Rc8 Kb4 57. Kd3 Kb5 58. Rc4 Kb6 59. Rxd4 Bxd4 60. Kxd4 Kc6 61. Ke5 Kd7 62. Kf5 Ke7 63. Kxg5 Kf8 64. Kg6 Kg8 65. g5 Kh8 66. Kf7 Kh7 67. g6+ 1-0


[Site "https://www.chess.com"]

[Event "Titled Tuesday Blitz March 29 Late 2022"]
[White "Rastbod, Ali"]
[Black "Vusatiuk, Vladimir"]
[WhiteFideId "12567477"]
[BlackFideId "14118610"]
[WhiteElo "2652"]
[BlackElo "2521"]
[Result "0-1"]
[Round "05"]
[TimeControl "180+1"]
[Date "2022.03.30"]
[WhiteClock "0:01:10"]
[BlackClock "0:00:08"]

1. d4 Nf6 2. c4 e6 3. Nf3 d5 4. Nc3 a6 5. cxd5 exd5 6. Bg5 Be6 7. Bxf6 Qxf6 8. Qb3 Ra7 9. g3 Bd6 10. Bg2 Qd8 11. h4 h6 12. Bh3 Bxh3 13. Rxh3 c6 14. Kf1 Nd7 15. e4 dxe4 16. Nxe4 Be7 17. Kg2 O-O 18. Rhh1 Nf6 19. Nc3 Ng4 20. Rad1 b5 21. d5 c5 22. a4 c4 23. Qc2 Qb6 24. Ne4 f5 25. Nc3 Bc5 26. Rhf1 Bxf2 27. Rxf2 Ne3+ 28. Kh2 Nxc2 29. Rxc2 b4 30. Ne2 Qf2+ 31. Kh3 Qxf3 32. Kh2 Re8 33. Rdd2 Qf2+ 34. Kh3 b3 35. Nc3 Qf1+ 36. Kh2 bxc2 37. Rxc2 Rae7 38. d6 Re2+ 39. Nxe2 Rxe2+ 40. Rxe2 Qxe2+ 41. Kh3 Qd3 42. d7 Qxd7 0-1


[Site "https://www.chess.com"]

[Event "Titled Tuesday Blitz March 29 Late 2022"]
[White "Reprintsev, Alexander"]
[Black "Khanin, Semen"]
[WhiteFideId "14100541"]
[BlackFideId "4111990"]
[WhiteElo "2108"]
[BlackElo "2442"]
[Result "0-1"]
[Round "05"]
[TimeControl "180+1"]
[Date "2022.03.29"]
[WhiteClock "0:00:14"]
[BlackClock "0:00:16"]

1. e4 c5 2. b3 Nc6 3. Bb2 d6 4. Bb5 Bd7 5. Ne2 a6 6. Bxc6 Bxc6 7. d3 Nf6 8. O-O e6 9. f4 Be7 10. Nd2 b5 11. Nf3 O-O 12. Qd2 Qb6 13. c4 a5 14. Rab1 a4 15. h3 axb3 16. axb3 Ra2 17. Ra1 Rfa8 18. Rxa2 Rxa2 19. Nc1 Ra8 20. Bc3 Nd7 21. Ne2 bxc4 22. bxc4 Qb3 23. Qb2 Qxb2 24. Bxb2 Rb8 25. Bc3 d5 26. exd5 exd5 27. Ne5 Nxe5 28. Bxe5 Rb3 29. cxd5 Bxd5 30. Nc3 Bc6 31. Rb1 Rxb1+ 32. Nxb1 f6 33. Bc7 Bb5 34. Nc3 Bxd3 35. Nd5 Bf8 36. Kf2 Be4 37. Nc3 Bc6 38. g4 Kf7 39. f5 g6 40. fxg6+ hxg6 41. h4 Ke6 42. Ke3 f5 43. h5 Bh6+ 44. Bf4 g5 45. gxf5+ Kxf5 46. Bg3 Bg7 47. Ne2 Bf8 48. Bc7 Kg4 49. Ng3 Bg7 50. Kd3 Bd5 51. Bd6 c4+ 52. Kc2 Bg8 53. Kd2 c3+ 54. Kc1 Bh7 55. h6 Bd4 56. Nf1 Kf3 57. Be7 g4 58. Nh2+ Kg3 59. Nf1+ Kg2 0-1


[Site "https://www.chess.com"]

[Event "Titled Tuesday Blitz March 29 Late 2022"]
[White "Riehle, Marco"]
[Black "Hambleton, Aman"]
[WhiteFideId "12904392"]
[BlackFideId "2606577"]
[WhiteElo "2462"]
[BlackElo "2552"]
[Result "0-1"]
[Round "05"]
[TimeControl "180+1"]
[Date "2022.03.29"]
[WhiteClock "0:01:04"]
[BlackClock "0:00:07"]

1. e4 b6 2. d4 Bb7 3. Bd3 e6 4. Nf3 d5 5. e5 Ba6 6. Bg5 Qd7 7. O-O Bxd3 8. Qxd3 h6 9. Bh4 Ne7 10. Bxe7 Bxe7 11. Nbd2 c5 12. c4 Nc6 13. dxc5 bxc5 14. a3 O-O 15. h3 Rab8 16. b3 Rfd8 17. cxd5 Qxd5 18. Qxd5 Rxd5 19. Rfe1 Bg5 20. Nxg5 hxg5 21. Nf3 Rxb3 22. a4 c4 23. Rac1 Rb4 24. Re4 Rc5 25. Nxg5 Nxe5 26. f4 Nd3 27. Rd1 g6 28. Kh2 a5 29. Rd4 Rc7 30. Rd2 Kg7 31. h4 c3 32. R4xd3 cxd2 33. Rxd2 Rxf4 34. g3 Rxa4 35. Kh3 Rac4 36. g4 Rc3+ 37. Kg2 Rc2 38. Rxc2 Rxc2+ 39. Kg3 a4 40. h5 gxh5 41. gxh5 Rc3+ 42. Kg4 Rc4+ 43. Kg3 Rc5 44. Ne4 Rxh5 0-1


[Site "https://www.chess.com"]

[Event "Titled Tuesday Blitz March 29 Late 2022"]
[White "Romero Ruscalleda, Josep"]
[Black "Szpar, Milosz"]
[WhiteFideId "2231859"]
[BlackFideId "1184989"]
[WhiteElo "2334"]
[BlackElo "2447"]
[Result "0-1"]
[Round "05"]
[TimeControl "180+1"]
[Date "2022.03.29"]
[WhiteClock "0:00:02"]
[BlackClock "0:01:34"]

1. e4 c5 2. c3 d5 3. exd5 Qxd5 4. d4 Nc6 5. Nf3 Bg4 6. Be2 e6 7. Be3 cxd4 8. cxd4 Nf6 9. Nc3 Qd8 10. O-O Bd6 11. h3 Bh5 12. Rc1 h6 13. Bd3 O-O 14. g4 Bg6 15. Bxg6 fxg6 16. Qb3 Qd7 17. Kg2 Kh8 18. Nh4 Ne7 19. Nb5 g5 20. Nxd6 Qxd6 21. Nf3 b6 22. Ne5 Qb8 23. Qxe6 Qb7+ 24. Kh2 Rae8 25. Rc3 Nfd5 26. Rcc1 Rf6 27. Qd7 Qb8 28. Rce1 Rd8 29. Qb5 a6 30. Qd3 Ng6 31. f4 Ngxf4 32. Bxf4 Nxf4 33. Rxf4 gxf4 34. Rf1 Qd6 35. Qe4 Qxd4 36. Ng6+ Kh7 37. Nf8+ Kg8 0-1


[Site "https://www.chess.com"]